 Dungeon Crawl Stone Soup version 0.31-a0-83-gbff143cfd1 (webtiles) character file.

Game seed: 14389267347343985347

1750910 shadowrider38 the Slayer (level 25, 152/152 HPs)
             Began as a Vine Stalker Wanderer on May 25, 2023.
             Was an Initiate of Gozag.
             Escaped with the Orb
             ... and 3 runes!
             The game lasted 01:39:16 (59116 turns).

shadowrider38 the Slayer (Vine Stalker Wanderer)   Turns: 59116, Time: 01:39:16

Health: 152/152    AC: 52    Str: 13    XL:     25   Next: 93%
Magic:  48/48      EV:  9    Int: 14    God:    Gozag
Gold:   4780       SH: 24    Dex: 41    Spells: 45/46 levels left

rFire   + + .        a - +9 rapier (spect)
rCold   + . .        C - +4 kite shield {AC+3}
rNeg    . . .        Y - +9 scales of the Dragon King {rPois rF+ rC+ Will+}
rPois   +            N - +2 helmet "Kurrikla" {Slay+3}
rElec   +            u - +2 cloak of Zin's Supremacy {Dex+4}
rCorr   .            J - +4 pair of gloves "Vuom" {Dex+3}
SInv    .            E - +2 pair of boots {rampage}
Will    ++++.        r - amulet of regeneration Stlth
                     w - ring "Veymorgh" {MP+9 Dex+8}
HPRegen 2.05/turn    m - ring of Vuqilo {Fly rElec rF+}
MPRegen 0.31/turn

%: guardian spirit, rampage
@: flying, studying Stealth
A: fangs 3, regeneration 1, magic shield, antimagic bite, no potion heal 2
0: Orb of Zot
}: 3/15 runes: serpentine, barnacled, abyssal
a: Renounce Religion, Potion Petition, Call Merchant, Bribe Branch


You escaped.
You worshipped Gozag.
Gozag was most pleased with you.
You visited 10 branches of the dungeon, and saw 47 of its levels.
You visited the Abyss 1 time.
You also visited: Gauntlet, Ice Cave and Volcano.

You collected 28809 gold pieces.
You spent 7857 gold pieces at shops.
You paid 16172 gold pieces to Gozag.

Inventory:

Hand Weapons
 a - a +9 spectral rapier (weapon)
 b - the +8 arc blade {discharge, rElec}
   (You bought it in a shop on level 2 of the Orcish Mines)

   rElec:     It insulates you from electricity.
Missiles
 t - 19 boomerangs (quivered)
 v - 23 javelins
 F - 4 curare-tipped darts
 Z - 11 throwing nets
Armour
 f - a scarf of resistance
 u - the +2 cloak of Zin's Supremacy (worn) {Dex+4}
   (You found it on level 2 of the Depths)

   Dex:       It affects your dexterity (+4).
 C - a +4 kite shield of protection (worn)
 E - a +2 pair of boots of rampaging (worn)
 J - the +4 pair of gloves "Vuom" (worn) {Dex+3}
   (You acquired it on level 1 of the Snake Pit)

   Dex:       It affects your dexterity (+3).
 N - the +2 helmet "Kurrikla" (worn) {Slay+3}
   (You found it on level 14 of the Dungeon)

   Slay:      It affects your accuracy & damage with ranged weapons and melee
   (+3).
 P - the +8 plate armour of Anarchy {rCorr SInv}
   (You found it on level 5 of the Lair of Beasts)

   SInv:      It lets you see invisible.
   rCorr:     It protects you from acid and corrosion.
 Y - the +9 scales of the Dragon King (worn) {rPois rF+ rC+ Will+}
   (You found it on level 2 of the Depths)

   rF:        It protects you from fire.
   rC:        It protects you from cold.
   rPois:     It protects you from poison.
   Will:      It increases your willpower.
Jewellery
 k - the ring "Aggyes" {Fly rC+ Will+ Dex+3}
   (You bought it in a shop on level 7 of the Dungeon)

   [ring of flight]

   Dex:       It affects your dexterity (+3).
   rC:        It protects you from cold.
   Fly:       It grants you flight.
   Will:      It increases your willpower.
 m - the ring of Vuqilo (right hand) {Fly rElec rF+}
   (You found it in an ice cave)

   [ring of protection from fire]

   rF:        It protects you from fire.
   rElec:     It insulates you from electricity.
   Fly:       It grants you flight.
 r - an amulet of regeneration (around neck)
 w - the ring "Veymorgh" (left hand) {MP+9 Dex+8}
   (You found it in an ice cave)

   [ring of magical power]

   Dex:       It affects your dexterity (+8).
   MP:        It affects your magic capacity (+9).
 y - the ring "Ehoxemm" {Ice rCorr Slay+3 SInv}
   (You took it off Josephina on level 1 of the Realm of Zot)

   [ring of ice]

   It enhances your ice magic.
   Slay:      It affects your accuracy & damage with ranged weapons and melee
   (+3).
   rF:        It makes you vulnerable to fire.
   rC:        It protects you from cold.
   SInv:      It lets you see invisible.
   rCorr:     It protects you from acid and corrosion.
 V - the ring of the Sharing Gods {rF+ Int+4 Dex+6}
   (You acquired it on level 1 of the Snake Pit)

   [ring of dexterity]

   Int:       It affects your intelligence (+4).
   Dex:       It affects your dexterity (+6).
   rF:        It protects you from fire.
Wands
 p - a wand of light (33)
 D - a wand of digging (18)
 I - a wand of iceblast (27)
Scrolls
 g - 11 scrolls of vulnerability
 h - 14 scrolls of poison
 o - 11 scrolls of immolation
 s - 8 scrolls of silence {!r}
 x - 7 scrolls of fear
 z - 10 scrolls of fog
 B - 6 scrolls of blinking
 G - 3 scrolls of summoning
 L - 6 scrolls of brand weapon
 T - 14 scrolls of teleportation
Potions
 c - 15 potions of might
 d - 2 potions of berserk rage
 e - 9 potions of brilliance
 i - 8 potions of enlightenment
 j - a potion of cancellation
 l - 4 potions of magic
 n - 7 potions of lignification
 q - 4 potions of attraction
 A - a potion of invisibility
 H - 4 potions of haste
 Q - 14 potions of curing
 R - a potion of ambrosia
 U - 10 potions of mutation
 W - 3 potions of resistance
Miscellaneous
 K - a phantom mirror
 O - a condenser vane
 X - a box of beasts


   Skills:
 + Level 22.3 Fighting
 - Level 13.9(14.0) Short Blades
 - Level 1.7(9.2) Long Blades
 - Level 1.7 Throwing
 + Level 20.3 Armour
 - Level 12.0 Dodging
 - Level 16.8 Shields
 + Level 11.1 Spellcasting
 - Level 2.0 Summonings
 - Level 12.0 Evocations


You had 45 spell levels left.
You knew the following spells:

 Your Spells              Type           Power      Damage    Failure   Level
a - Summon Small Mammal   Summ           52%        N/A       100%        1

Your spell library contained the following spells:

 Spells                   Type           Power      Damage    Failure   Level
 Beastly Appendage        Tmut           14%        N/A       100%        1
 Foxfire                  Conj/Fire      12%        2x1d4     100%        1
 Freeze                   Ice            28%        1d5       100%        1
 Kiss of Death            Conj/Necr      12%        2d6       100%        1
 Magic Dart               Conj           28%        1d4       100%        1
 Slow                     Hex            28%        N/A       100%        1
 Blink                    Tloc           14%        N/A       100%        2
 Call Imp                 Summ           26%        N/A       100%        2
 Cigotuvi's Dreadful Rot  Necr/Pois/Air  4%         N/A       100%        2
 Ensorcelled Hibernation  Hex/Ice        6%         N/A       100%        2
 Lesser Beckoning         Tloc           14%        N/A       100%        2
 Momentum Strike          Conj/Tloc      6%         3d8       100%        2
 Passwall                 Tmut/Erth      2%         N/A       100%        2
 Scorch                   Fire           14%        2d6       100%        2
 Searing Ray              Conj           14%        2d5       100%        2
 Wereblood                Tmut           7%         N/A       100%        2
 Call Canine Familiar     Summ           13%        N/A       100%        3
 Confusing Touch          Hex            7%         N/A       100%        3
 Frozen Ramparts          Ice            14%        1d3       100%        3
 Hailstorm                Conj/Ice       3%         3d3       100%        3
 Ignite Poison            Fire/Tmut/Pois 2%         N/A       100%        3
 Inner Flame              Hex/Fire       3%         N/A       100%        3
 Mephitic Cloud           Conj/Pois/Air  2%         N/A       100%        3
 Portal Projectile        Hex/Tloc       6%         N/A       100%        3
 Spider Form              Tmut/Pois      3%         N/A       100%        3
 Stone Arrow              Conj/Erth      6%         3d7       100%        3
 Summon Guardian Golem    Hex/Summ       6%         N/A       100%        3
 Swiftness                Air            7%         N/A       100%        3
 Tukima's Dance           Hex            7%         N/A       100%        3
 Vampiric Draining        Necr           7%         2d6       100%        3
 Vhi's Electric Charge    Tloc/Air       6%         N/A       100%        3
 Volatile Blastmotes      Fire/Tloc      6%         2d10      100%        3
 Cause Fear               Hex            3%         N/A       100%        4
 Dispel Undead            Necr           7%         3d8       100%        4
 Flame Wave               Conj/Fire      3%         2d5       100%        4
 Fulminant Prism          Conj/Hex       1%         3d5       100%        4
 Ice Form                 Ice/Tmut       3%         N/A       100%        4
 Iskenderun's Mystic Bla  Conj/Tloc      3%         2d3       100%        4
 Leda's Liquefaction      Hex/Erth       1%         N/A       100%        4
 Passage of Golubria      Tloc           7%         N/A       100%        4
 Petrify                  Tmut/Erth      3%         N/A       100%        4
 Sticky Flame             Conj/Fire      3%         2d3       100%        4
 Summon Ice Beast         Ice/Summ       6%         N/A       100%        4
 Fireball                 Conj/Fire      1%         3d3       100%        5
 Freezing Cloud           Conj/Ice/Air   1%         6-21      100%        5
 Iskenderun's Battlesphe  Conj           7%         2d6       100%        5
 Lee's Rapid Deconstruct  Erth           3%         3d5*      100%        5
 Summon Forest            Summ/Tloc      3%         N/A       100%        5
 Summon Mana Viper        Hex/Summ       6%         N/A       100%        5
 Yara's Violent Unravell  Hex/Tmut       1%         3d3       100%        5
 Conjure Ball Lightning   Conj/Air       1%         3x3d6     100%        6
 Eringya's Noxious Bog    Tmut/Pois      1%         N/A       100%        6
 Iron Shot                Conj/Erth      1%         9d1       100%        6
 Plasma Beam              Fire/Air       1%         2x1d12    100%        6
 Starburst                Conj/Fire      1%         6d3       100%        6
 Statue Form              Tmut/Erth      2%         N/A       100%        6
 Summon Cactus Giant      Summ           6%         N/A       100%        6
 Dragon Form              Tmut           3%         N/A       100%        7
 Haunt                    Necr/Summ      3%         N/A       100%        7
 Malign Gateway           Summ/Tloc      3%         N/A       100%        7
 Monstrous Menagerie      Summ           6%         N/A       100%        7
 Spellforged Servitor     Conj/Summ      3%         N/A       100%        7
 Storm Form               Tmut/Air       1%         N/A       100%        7
 Summon Hydra             Summ           6%         N/A       100%        7
 Discord                  Hex            3%         N/A       100%        8
 Disjunction              Tloc           3%         N/A       100%        8
 Infestation              Necr           3%         N/A       100%        8
 Necromutation            Tmut/Necr      1%         N/A       100%        8
 Summon Horrible Things   Summ           6%         N/A       100%        8
 Dragon's Call            Summ           6%         N/A       100%        9
 Animate Dead             Necr           Unusable   N/A       N/A         4

Dungeon Overview and Level Annotations

Branches:
Dungeon (15/15)            Temple (1/1) D:6            Lair (5/5) D:8
 Shoals (4/4) Lair:3        Snake (4/4) Lair:2        Slime (0/5) Lair:4
    Orc (2/2) D:12            Elf (3/3) Orc:2        Vaults (4/5) D:14
  Crypt (0/3) Vaults:2     Depths (4/4) D:15            Zot (5/5) Depths:4
  IceCv (visited)         Volcano (visited)         Gauntlet (visited)

Altars:
Ashenzari
Cheibriados
Dithmenos
Gozag
Kikubaaqudgha
Makhleb
Qazlal
Ru
Uskayaw
Vehumet
Wu Jian
Yredelemnul
The Shining One
Jiyva

Shops:
D:2 ?   D:7 ?==(*   D:9 =   D:13 *   D:14 ([?(   D:15 [   Orc:1 *   Orc:2 **[:(
Shoals:1 =*(   Shoals:3 !:   Shoals:4 =   Snake:1 ?*   Snake:2 **   Snake:4 :
Vaults:1 [   Vaults:2 (:[   Depths:4 **?

Portals:
Hell: Depths:1 Depths:2 Depths:3 Depths:4
Abyss: Depths:3
Pandemonium: Depths:2 Depths:3
Ziggurat: Depths:2

Annotations:
D:3 exclusion: downstairs
D:5 exclusion: downstairs
D:10 2 transporters, ryak's ghost, journeyman DjEE
D:11 exclusion: downstairs
Lair:1 exclusion: downstairs
Lair:3 3 runed translucent doors, exclusion: 2 downstairs, Mant's ghost, journeyman OpBr
Lair:4 exclusion: downstairs
Shoals:1 Roxanne
Shoals:3 exclusion: downstairs
Snake:2 exclusion: 2 downstairs
Elf:2 4 runed translucent doors
Vaults:3 3 runed translucent doors, Reyb's ghost, veteran DsGl; greasedhog's ghost, adept MfFi
Depths:2 exclusions: daeva, obsidian statue and 3 more exclusions
Zot:4 exclusion: upstairs
Zot:5 exclusion: obsidian statue


Innate Abilities, Weirdness & Mutations

You have razor-sharp teeth.
Your natural rate of healing is unusually fast.
When hurt, damage is shared between your health and your magic reserves.
Your bite disrupts and absorbs the magic of your enemies.
Potions cannot restore your health.


Message History

You hit the shadow demon. Your bite misses the shadow demon.
The shadow demon is moderately wounded.
Your +9 spectral rapier hits the shadow demon.
The shadow demon gestures.
You closely miss the shadow demon. Your bite misses the shadow demon.
The shadow demon is heavily wounded.
Your +9 spectral rapier hits the shadow demon!
You hit the shadow demon. You bite the shadow demon!
The shadow demon's magic leaks into the air.
You drain its magic.
The shadow demon is almost dead.
Your +9 spectral rapier closely misses the shadow demon.
The ball python completely misses your +9 spectral rapier.
You block the shadow demon's attack.
You puncture the shadow demon!
You kill the shadow demon!
The ball python dissolves into shadows!
Your +9 spectral rapier disappears.
You now have 4780 gold pieces (gained 8).
(D) Dungeon (T) Temple (L) Lair (A) Shoals (P) Snake Pit (M) Slime Pits (O) Orcish Mines (E) Elven Halls (V) Vaults (C) Crypt (U) Depths (H) Hell (Z) Zot
Where to? (Enter - D:1 @ (x,y), ? - help)
What level of the Dungeon? (default 1, ? - help) Some rock shatters into small pieces.
A cacodemon comes into view.
Aiming: Dig
Press: ? - help, Shift-Dir - straight line, f - you Please select a direction to dig.
This square is covered in magical glow.
The rock shatters into small pieces.
The cacodemon gestures at the rock wall.
Some rock shatters into small pieces.
An Orb Guardian comes into view.
You rampage towards the Orb Guardian!
The cacodemon gestures at the rock wall.
You hear a grinding noise.
You rampage towards the Orb Guardian!
You block the Orb Guardian's attack.
Blink to where?
Press: ? - help, Dir - move target
As you read the scroll of blinking, it crumbles to dust.
You hear a grinding noise.
You block the Orb Guardian's attack.
The Orb Guardian attacks as you move away!
The Orb Guardian hits you but does no damage.
You hear a grinding noise.
There is a staircase leading out of the dungeon here.
The Orb Guardian hits you but does no damage.
You have escaped!

..>..............#..#.##.#...#.#
#####............#..#........#.#
..#.#..'##########..####.#.#.#.#
....#.2.## ###..##..####.#>#.#.#
#.#....#.. ..####..#....#.#^#.#
#.#.#..#.#2##.# #..#.####.#.#.#
#.#.#...#.#...## #..#.# #...#.#
#.#†#...##.....###..#.# #####.#
#.#.#..#.#.....X@#..#.########.##
#.#.#........#..##..#...........#
....#.#####.#.#.##..........#####
#.###.# ##.# #..#.##.#####.#
......####..####.#.##[# #.#
.....###..#..###.#.##.# #.#
......#.####.##.##.##.# #.#
......#.# #.....##....# #.#
......#.# ####.#.###### #.#


You could see a cacodemon and an Orb Guardian.

Vanquished Creatures
  An ancient lich (Zot:5)
  Mennas (Vaults:4)
  2 juggernauts
  Josephina (Zot:1)
  Boris (Vaults:4)
  Frederick (Vaults:2)
  Vashnia (Snake:2)
  3 caustic shrikes (Depths:2)
  3 curse toes
  6 golden dragons
  A bone dragon (Depths:4)
  Jorgrun (D:15)
  Zenata (Vaults:1)
  8 tentacled monstrosities
  3 walking crystal tomes
  A lich (Depths:4)
  10 Orb Guardians
  2 walking earthen tomes
  3 deep elf master archers (Elf:3)
  3 quicksilver dragons
  Frances (Shoals:1)
  6 deep elf blademasters (Elf:3)
  2 tentacled starspawn
  8 death cobs
  2 krakens
  4 sphinxes
  2 storm dragons (Zot:5)
  5 shadow dragons
  7 tengu reavers
  3 draconian monks
  A draconian knight (Zot:1)
  6 nagarajas
  9 fire giants
  3 draconian scorchers (Zot:1)
  6 deep elf sorcerers
  15 vault wardens
  An iron dragon (Depths:2)
  A balrug (Depths:1)
  8 frost giants
  2 cacodemons
  4 deep elf elementalists (Elf:3)
  Aizul (Snake:4)
  5 orc warlords
  A quicksilver ooze (shapeshifter) (Depths:2)
  A juggernaut skeleton (Depths:1)
  A draconian shifter (Zot:1)
  16 ironbound preservers
  A spriggan defender (Depths:2)
  10 ironbound thunderhulks
  A war gargoyle (Vaults:4)
  9 stone giants
  11 very ugly things
  9 draconian annihilators
  3 deep elf demonologists (Elf:3)
  4 green draconians (Zot:1)
  2 vampire knights
  5 black draconians
  A minotaur (Gauntlet)
  8 white draconians
  A red draconian (Zot:1)
  4 deep elf annihilators
  A purple draconian (Depths:4)
  A yellow draconian (Zot:1)
  A bunyip (Abyss:3)
  16 dire elephants
  6 spark wasps
  A blizzard demon (Abyss:4)
  Snorg (Lair:4)
  3 formless jellyfish
  A fire dragon (shapeshifter) (D:14)
  4 deep elf death magi
  3 merfolk javelineers
  A crystal guardian (Vaults:4)
  9 ettins
  7 fire dragons
  13 yaktaur captains
  Erolcha (D:12)
  7 great orbs of eyes
  An entropy weaver (shapeshifter) (Depths:2)
  2 entropy weavers
  4 deep elf high priests
  8 merfolk impalers
  2 salamander tyrants
  17 ice dragons
  9 vault guards
  2 peacekeepers (Vaults:4)
  A hell beast (Depths:4)
  7 hydras
  6 rakshasas
  4 merfolk avatars
  2 spriggan air magi
  4 satyrs
  4 ironbound frosthearts
  2 anacondas (shapeshifter)
  A catoblepas (D:15)
  2 ogre magi
  9 anacondas
  16 centaur warriors
  10 merfolk aquamancers
  17 naga warriors
  3 tengu warriors
  An alligator snapping turtle (Shoals:3)
  4 boulder beetles
  18 dancing weapons
  2 hell hogs
  9 two-headed ogres
  7 thrashing horrors (Abyss:4)
  2 death yaks
  15 deep troll earth magi
  8 deep troll shamans
  3 vampire magi
  3 shock serpents
  5 orc high priests
  22 naga sharpshooters
  Urug (D:13)
  2 spriggan berserkers
  4 soul eaters (Depths:4)
  14 hell knights
  5 sun demons
  16 deep elf knights
  12 iron trolls
  3 skysharks
  6 spatial maelstroms (Abyss:4)
  11 sea snakes
  5 sixfirhies
  9 salamander mystics
  3 spectral anacondas
  3 shadow demons
  4 glowing orange brains
  54 deep trolls
  2 flayed ghosts
  6 anaconda zombies (Snake:1)
  4 phantasmal warriors
  9 naga ritualists
  An orange crystal statue (IceCv)
  13 wizards
  19 lindwurms
  An obsidian statue (Lair:5)
  Pikel (D:7)
  17 deep elf archers
  20 harpies
  6 necromancers
  3 anaconda skeletons (Snake:1)
  23 deep elf pyromancers
  14 ironbound convokers
  9 orc knights
  An iron dragon zombie (Depths:1)
  5 orc sorcerers
  11 mana vipers
  An oklob plant (Lair:5)
  10 manticores
  23 fauns
  18 salamanders
  40 ugly things
  27 deep elf zephyrmancers
  A worldbinder (Abyss:4)
  7 cyclopes
  A stone giant zombie (Depths:1)
  5 moths of wrath
  11 elephants
  2 rust devils (Depths:2)
  2 guardian serpents (shapeshifter)
  2 dire elephant zombies (Lair:5)
  41 black mambas
  9 merfolk sirens
  2 guardian serpents (Snake:4)
  A frost giant skeleton (Depths:1)
  10 water nymphs
  4 storm dragon simulacra (IceCv)
  22 naga magi
  An ice statue (Snake:4)
  4 orange demons
  30 vault sentinels
  4 cane toads
  8 smoke demons
  3 komodo dragons
  3 ice devils (Depths:2)
  A hellion (Abyss:4)
  2 efreet
  A tormentor (Abyss:4)
  5 anaconda simulacra (Snake:1)
  3 rime drakes
  6 golden dragon simulacra
  42 yaktaurs
  A freezing wraith (D:14)
  2 tengu conjurers
  43 merfolk
  3 red devils (Depths:2)
  5 trolls
  A merfolk (shapeshifter) (Vaults:1)
  3 meliai (Gauntlet)
  5 wind drakes
  4 polar bears
  A raiju (shapeshifter) (D:15)
  2 hornets (Depths:2)
  8 blink frogs
  Grinder (D:5)
  4 raiju (Abyss:4)
  A spectral elephant (Lair:5)
  2 draconian simulacra (Zot:1)
  A snapping turtle (shapeshifter) (Vaults:1)
  35 slime creatures
  8 snapping turtles
  26 dream sheep
  7 large abominations
  2 shadows
  3 spriggans
  7 flying skulls (Abyss:4)
  24 water elementals
  3 air elementals
  A ynoxinul (Depths:2)
  A wraith (D:11)
  8 vampires
  3 fire elementals
  2 basilisks
  A human (shapeshifter) (Depths:4)
  5 wyverns
  Eustachio (D:5)
  5 small abominations
  Grum (D:11)
  3 chaos spawn
  3 steam dragons
  40 yaks
  A fire bat (Volcano)
  4 vampire mosquitoes (D:11)
  4 wargs
  42 nagas
  A death yak simulacrum (Lair:5)
  2 acid dragons (D:11)
  A spatial vortex (Abyss:4)
  A spectral cane toad (Lair:5)
  43 orc warriors
  10 water moccasins
  2 hell hounds (Volcano)
  7 ice dragon simulacra (IceCv)
  2 ice beasts
  4 black bears
  A sky beast (D:6)
  7 ogres
  12 centaurs
  15 wolves
  3 boggarts (Vaults:1)
  2 lemures (D:7)
  An elephant skeleton (Lair:5)
  A phantom (D:7)
  Blork the orc (D:5)
  12 bullfrogs
  3 kobold brigands (D:6)
  5 gnoll sergeants
  2 earth elementals (Elf:3)
  A scorpion (D:6)
  3 cane toad simulacra (Lair:5)
  5 lindwurm simulacra (IceCv)
  45 killer bees
  An elephant simulacrum (Lair:5)
  A crimson imp (D:4)
  2 quasits (Abyss:4)
  3 howler monkeys
  An iron imp (D:6)
  26 orc priests
  2 gnoll boudas
  6 hounds
  6 jellies
  34 orc wizards
  A sleepcap (D:7)
  5 iguanas
  10 adders
  20 gnolls
  A shadow imp (D:8)
  A white imp (D:5)
  An ufetubus (D:5)
  A worm (D:2)
  2 dart slugs
  94 orcs
  5 ball pythons
  4 bats (D:2)
  3 endoplasms
  2 giant cockroaches (D:3)
  6 goblins
  5 hobgoblins
  3 jackals
  18 kobolds
  A frilled lizard (D:2)
  4 rats
  2 starspawn tentacles (Abyss:4)
  6 tentacles
2016 creatures vanquished.

Vanquished Creatures (collateral kills)
  An Orb Guardian (Zot:5)
  Asterion (Elf:3)
  A moth of wrath (Zot:5)
  A draconian simulacrum (Zot:1)
4 creatures vanquished.

Vanquished Creatures (others)
  A dread lich (Zot:5)
  7 Orb Guardians (Zot:5)
  A green draconian (Zot:5)
  A purple draconian (Zot:5)
  A two-headed ogre (Volcano)
  A deep elf knight (Elf:1)
  A deep elf archer (Elf:1)
  3 gnolls
  94 spectral weapons
  4 starspawn tentacles
  10 tentacles
124 creatures vanquished.

Grand Total: 2144 creatures vanquished

Notes
Turn   | Place    | Note
-------+----------+-------------------------------------------
     0 | D:1      | shadowrider38 the Vine Stalker Wanderer began the quest for
                  | the Orb.
     0 | D:1      | shadowrider38 set off with the following items: a +0
                  | falchion, a +0 dagger, a potion of berserk rage, a +0 robe,
                  | 8 boomerangs; and the following spell memorised: Summon
                  | Small Mammal; and the following spells available to
                  | memorise: Call Imp, Call Canine Familiar.
     0 | D:1      | Reached XP level 1. HP: 9/9 MP: 3/3
   443 | D:1      | Found a faded altar of an unknown god.
   643 | D:1      | Reached XP level 2. HP: 13/13 MP: 4/4
   742 | D:1      | Tricky101: oof
  1387 | D:2      | Reached XP level 3. HP: 16/16 MP: 5/5
  1394 | D:2      | Found Jeerry's Magic Scroll Emporium.
  1616 | D:2      | Reached skill level 3 in Short Blades
  1954 | D:3      | Gained mutation: Your natural rate of healing is unusually
                  | fast. [Vine Stalker growth]
  1954 | D:3      | Reached XP level 4. HP: 21/21 MP: 3/6
  2521 | D:4      | Noticed an ogre
  2901 | D:4      | Reached skill level 1 in Fighting
  2901 | D:4      | Reached XP level 5. HP: 18/25 MP: 7/7
  3175 | D:5      | Entered Level 5 of the Dungeon
  3176 | D:5      | Noticed Grinder
  3585 | D:5      | Reached XP level 6. HP: 27/30 MP: 5/8
  3593 | D:5      | Killed Grinder
  3594 | D:5      | Reached skill level 2 in Fighting
  3594 | D:5      | Reached XP level 7. HP: 35/35 MP: 9/9
  3703 | D:5      | Identified the +1 hand axe of Responsibility {venom, rElec
                  | rC+++ Str-5 Dex-2}
  3707 | D:5      | Noticed Blork the orc
  3713 | D:5      | Killed Blork the orc
  3728 | D:5      | Tricky101: pog
  3980 | D:5      | Noticed Eustachio
  3991 | D:5      | Reached skill level 3 in Fighting
  3991 | D:5      | Reached skill level 3 in Armour
  4234 | D:5      | Killed Eustachio
  4235 | D:5      | Gained mutation: You have razor-sharp teeth. [Vine Stalker
                  | growth]
  4235 | D:5      | Reached XP level 8. HP: 40/40 MP: 10/10
  4408 | D:5      | shadowrider38: bruh
  4408 | D:5      | shadowrider38: i accidentally read a random scroll
  4408 | D:5      | shadowrider38: and it was torment
  4408 | D:5      | Tricky101: ez
  5234 | D:6      | Found a hide-covered altar of Uskayaw.
  5330 | D:6      | Found a staircase to the Ecumenical Temple.
  5359 | Temple   | Entered the Ecumenical Temple
  5371 | Temple   | Became a worshipper of Gozag Ym Sagoz the Greedy
  5519 | D:6      | Reached XP level 9. HP: 45/45 MP: 11/11
  5549 | D:6      | Reached skill level 4 in Fighting
  5931 | D:6      | Found a snail-covered altar of Cheibriados.
  6082 | D:7      | Found Woinkol's Magic Scroll Emporium.
  6114 | D:7      | Bought a scroll of teleportation for 33 gold pieces
  6114 | D:7      | Bought a scroll of teleportation for 33 gold pieces
  6114 | D:7      | Bought a scroll of enchant weapon for 82 gold pieces
  6140 | D:7      | Found Zasesyat's Jewellery Boutique.
  6288 | D:6      | Reached skill level 5 in Fighting
  6349 | D:7      | Found Uleet's General Store.
  6434 | D:6      | Reached skill level 9 in Short Blades
  6807 | D:7      | Found Waruin's Jewellery Emporium.
  7000 | D:7      | Reached XP level 10. HP: 51/51 MP: 12/12
  7230 | D:7      | Found Foutipn's Weapon Boutique.
  7291 | D:7      | Reached skill level 3 in Shields
  7421 | D:7      | Noticed Pikel
  7460 | D:7      | Killed Pikel
  7960 | D:2      | Bought a scroll of brand weapon for 95 gold pieces
  8055 | D:4      | Found a radiant altar of Vehumet.
  8056 | D:4      | Found a burning altar of Makhleb.
  8339 | D:8      | Found a basalt altar of Yredelemnul.
  8538 | D:8      | Found a staircase to the Lair.
  8763 | D:8      | Found a broken altar of Ashenzari.
  8980 | D:9      | Reached skill level 6 in Fighting
  9039 | D:9      | Found Muudghoxu's Jewellery Boutique.
  9099 | D:9      | Reached XP level 11. HP: 58/58 MP: 13/13
  9225 | D:9      | Noticed a two-headed ogre
  9234 | D:9      | Killed a two-headed ogre
  9235 | D:9      | Reached skill level 7 in Fighting
 10011 | D:10     | Entered Level 10 of the Dungeon
 10032 | D:10     | Found a transporter.
 10046 | D:10     | Noticed a moth of wrath
 10047 | D:10     | Noticed a four-headed hydra
 10052 | D:10     | Noticed ryak's ghost (journeyman DjEE)
 10063 | D:10     | Found a transporter.
 11060 | D:11     | Noticed a cyclops
 11070 | D:11     | Killed a cyclops
 11473 | D:11     | Reached skill level 8 in Fighting
 11605 | D:11     | Found a shadowy altar of Dithmenos.
 11605 | D:11     | Noticed a vampire mage
 11622 | D:11     | Killed a vampire mage
 11783 | D:11     | Noticed a two-headed ogre
 11803 | D:11     | Reached XP level 12. HP: 53/64 MP: 14/14
 11814 | D:11     | Killed a two-headed ogre
 11875 | D:11     | Identified the ring "Piuntoa" {Fly rN++}
 12526 | D:11     | Noticed Grum
 12544 | D:11     | Killed Grum
 12780 | D:7      | Bought a +0 pair of gloves for 49 gold pieces
 12858 | Lair:1   | Entered Level 1 of the Lair of Beasts
 13069 | Lair:1   | Found a gate leading to a gauntlet.
 13078 | Gauntlet | Entered a Gauntlet
 13078 | Gauntlet | Found a transporter.
 13084 | Gauntlet | Noticed a thrashing horror
 13087 | Gauntlet | Found a transporter.
 13087 | Gauntlet | Noticed a thrashing horror
 13088 | Gauntlet | Noticed a quicksilver ooze
 13106 | Gauntlet | Found a transporter.
 13107 | Gauntlet | Found a transporter.
 13108 | Gauntlet | Found the +1 Delatra's gloves {ID++}
 13119 | Gauntlet | Found a transporter.
 13137 | Gauntlet | Found a transporter.
 13140 | Gauntlet | Found a transporter.
 13144 | Gauntlet | Found a transporter.
 13178 | Gauntlet | Found a transporter.
 13192 | Gauntlet | Found a transporter.
 13196 | Gauntlet | Found a transporter.
 13207 | Gauntlet | Found a transporter.
 13265 | Gauntlet | Identified the +0 pair of gloves of Leaves {Harm}
 13345 | Gauntlet | Tricky101: ez
 13345 | Gauntlet | Tricky101: clap
 13351 | Gauntlet | Reached skill level 3 in Dodging
 13417 | Gauntlet | Tricky101: yes hold that tab
 13465 | Gauntlet | Identified the +1 hat of Delicate Awe {MP+9 Int+3 Dex+2}
 13467 | Gauntlet | shadowrider38: yes good
 13509 | Gauntlet | shadowrider38: for youi
 13527 | Gauntlet | Noticed a minotaur
 13554 | Gauntlet | Killed a minotaur
 13555 | Gauntlet | Reached skill level 9 in Fighting
 14122 | Lair:2   | Reached skill level 9 in Armour
 14478 | Lair:2   | Reached XP level 13. HP: 67/70 MP: 15/15
 14550 | Lair:2   | Found a staircase to the Snake Pit.
 14871 | Lair:2   | Reached skill level 10 in Fighting
 15370 | Lair:3   | Got the Monograph on Angles and the Sphinx
 15503 | Lair:3   | Found a runed translucent gate.
 15504 | Lair:3   | Found a runed translucent gate.
 15505 | Lair:3   | Found a runed translucent gate.
 15506 | Lair:3   | Noticed Mant's ghost (journeyman OpBr)
 16548 | Lair:3   | Found a viscous altar of Jiyva.
 17104 | Lair:4   | Found a staircase to the Slime Pits.
 17212 | Lair:4   | Reached skill level 11 in Fighting
 17472 | Lair:4   | Reached XP level 14. HP: 62/79 MP: 16/16
 17790 | Lair:5   | Entered Level 5 of the Lair of Beasts
 17795 | Lair:5   | Identified the +8 plate armour of Anarchy {rCorr SInv}
 17885 | Lair:5   | Found an opulent altar of Gozag.
 18080 | Lair:5   | Noticed a dire elephant
 18080 | Lair:5   | Noticed a dire elephant
 18080 | Lair:5   | Noticed a dire elephant
 18086 | Lair:5   | Noticed a dire elephant
 18087 | Lair:5   | Noticed a dire elephant
 18118 | Lair:5   | Killed a dire elephant
 18134 | Lair:5   | Killed a dire elephant
 18144 | Lair:5   | Killed a dire elephant
 18411 | Lair:5   | Noticed Snorg
 18543 | Lair:4   | Killed Snorg
 19062 | Lair:5   | Identified the staff of earth "Cuckoesch" {rN+}
 19124 | Lair:5   | Reached skill level 12 in Fighting
 19281 | Lair:5   | Identified the +1 hand axe "Rugus" {freeze, Fly Int+2}
 19542 | Lair:5   | Killed a dire elephant
 19571 | Lair:5   | Reached skill level 9 in Shields
 19607 | Lair:5   | Killed a dire elephant
 19980 | Lair:5   | Identified the +1 leather armour of Circular Logic {Int+2}
 20191 | D:12     | Found a staircase to the Orcish Mines.
 20201 | D:12     | Noticed Erolcha
 20349 | D:7      | Bought the ring "Aggyes" {Fly rC+ Will+ Dex+3} for 694 gold
                  | pieces
 20877 | D:12     | Killed Erolcha
 21140 | Orc:1    | Entered Level 1 of the Orcish Mines
 21346 | Orc:2    | Entered Level 2 of the Orcish Mines
 21473 | Orc:2    | Noticed an orc warlord
 21505 | Orc:1    | Killed an orc warlord
 21562 | Orc:1    | Reached XP level 15. HP: 73/85 MP: 17/17
 21939 | Orc:2    | Found Ephej's General Store.
 22069 | Orc:2    | Found a staircase to the Elven Halls.
 22139 | Orc:2    | Found a dark tunnel.
 22145 | Volcano  | Entered a volcano
 22631 | Orc:2    | Bought the +8 arc blade {discharge, rElec} for 720 gold
                  | pieces
 22631 | Orc:2    | Bought a potion of might for 48 gold pieces
 22631 | Orc:2    | Found the +8 arc blade {discharge, rElec}
 23003 | Orc:2    | Found Rugoo's General Store.
 23004 | Orc:2    | Found Veuvant's Book Shoppe.
 23006 | Orc:2    | Found Boxutt's Antique Armour Shoppe.
 23006 | Orc:2    | Found Miehimugh's Antique Weapon Emporium.
 23011 | Orc:2    | Bought a scarf of resistance for 480 gold pieces
 23020 | Orc:2    | Bought a scroll of teleportation for 45 gold pieces
 23020 | Orc:2    | Bought a potion of cancellation for 120 gold pieces
 23731 | Orc:1    | Found Zuhaam's Overcharged Wands.
 23739 | Orc:1    | Bought a wand of digging (11) for 693 gold pieces
 23919 | D:13     | Reached skill level 13 in Fighting
 24044 | D:13     | Noticed Urug
 24047 | D:13     | Killed Urug
 24307 | D:13     | Found Adackeuz's Neck Hole.
 24807 | D:14     | Found Soyboruv's Antique Weapon Shop.
 24817 | D:14     | Found Dib Honu's Magic Scroll Emporium.
 24862 | D:14     | Bought 2 scrolls of enchant weapon for 240 gold pieces
 24862 | D:14     | Bought a scroll of fear for 64 gold pieces
 24862 | D:14     | Bought a scroll of brand weapon for 152 gold pieces
 24862 | D:14     | Bought a scroll of teleportation for 48 gold pieces
 24862 | D:14     | Bought a scroll of fear for 64 gold pieces
 24862 | D:14     | Bought a scroll of summoning for 152 gold pieces
 24913 | D:14     | Found Kuyteh's Armour Emporium.
 25018 | D:14     | Found a gate to the Vaults.
 25021 | D:14     | Identified the +2 helmet "Kurrikla" {Slay+3}
 25233 | D:14     | Found Efuggof's Weapon Shoppe.
 25252 | D:15     | Entered Level 15 of the Dungeon
 25627 | D:15     | Noticed Jorgrun
 25642 | D:15     | Killed Jorgrun
 25666 | D:15     | Reached skill level 3 in Spellcasting
 25719 | D:15     | Reached XP level 16. HP: 65/91 MP: 16/21
 25782 | D:15     | Found Tebam's Armour Shoppe.
 25907 | D:15     | Found a staircase to the Depths.
 26241 | Shoals:1 | Entered Level 1 of the Shoals
 26430 | Shoals:1 | Noticed Frances
 26441 | Shoals:1 | Killed Frances
 26444 | Shoals:1 | Found Peojuoru's General Store.
 26496 | Shoals:1 | Bought a scroll of teleportation for 48 gold pieces
 26564 | Shoals:1 | Identified Roxanne's Cyclopedia of the Volcano
 26564 | Shoals:1 | Noticed Roxanne
 26565 | Shoals:1 | Found Nibelo's Weapon Shop.
 26729 | Shoals:1 | Reached skill level 14 in Fighting
 26848 | Shoals:1 | Found Waded's Jewellery Shop.
 27500 | Shoals:2 | Reached skill level 15 in Fighting
 27738 | Shoals:2 | Noticed a kraken
 27756 | Shoals:2 | Killed a kraken
 28121 | Shoals:2 | Identified the +2 plate armour of Nead {Str+5}
 28634 | Shoals:3 | Found Ceux's Book Shoppe.
 28639 | Shoals:3 | Found Yfamnubu's Distillery.
 28654 | Shoals:3 | Reached XP level 17. HP: 99/99 MP: 25/25
 28680 | Shoals:3 | Bought a potion of ambrosia for 144 gold pieces
 28886 | Shoals:3 | Reached skill level 3 in Evocations
 29331 | Snake:1  | Entered Level 1 of the Snake Pit
 29407 | Snake:1  | Found Mofuamiq's Assorted Antiques.
 29450 | Snake:1  | Bought a scroll of brand weapon for 313 gold pieces
 29450 | Snake:1  | Bought a scroll of fog for 132 gold pieces
 29450 | Snake:1  | Bought a steaming chain mail for 313 gold pieces
 29450 | Snake:1  | Identified the +0 chain mail "Kehucvip" {rN++ Will+} (You
                  | bought it in a shop on level 1 of the Snake Pit)
 29725 | Snake:1  | Identified a scroll of acquirement
 29748 | Snake:1  | Acquired the ring of the Sharing Gods {rF+ Int+4 Dex+6}
 29780 | Snake:1  | Found an ornate altar of the Wu Jian Council.
 29883 | Snake:1  | Found Radghewn's Magic Scroll Boutique.
 29886 | Snake:1  | Bought a scroll of teleportation for 39 gold pieces
 29886 | Snake:1  | Bought a scroll of fear for 52 gold pieces
 29886 | Snake:1  | Bought a scroll of enchant weapon for 97 gold pieces
 30760 | Snake:2  | Noticed Vashnia
 30786 | Snake:2  | Killed Vashnia
 30946 | Snake:2  | Found an ancient bone altar of Kikubaaqudgha.
 31108 | Snake:2  | Found Vucaa's Specific Store.
 31114 | Snake:2  | Found Moph's General Store.
 31118 | Snake:2  | Bought a wand of paralysis (5) for 168 gold pieces
 31118 | Snake:2  | Bought a scroll of teleportation for 42 gold pieces
 31866 | D:13     | Bought a +1 cloak of poison resistance for 148 gold pieces
 32288 | Snake:3  | Biggs: We spankin some ass?
 32311 | Snake:3  | shadowrider38: trying T_T
 32382 | Snake:3  | shadowrider38: i am bad and spent all the money
 32397 | Snake:3  | Reached XP level 18. HP: 105/105 MP: 26/26
 32397 | Snake:3  | shadowrider38: so poor
 32470 | Snake:3  | Reached skill level 16 in Fighting
 33898 | Elf:1    | Entered Level 1 of the Elven Halls
 33991 | Elf:1    | Identified the +7 glaive of False Hope {heavy, rN+ Dex+3}
 34726 | Elf:2    | Paralysed by an air elemental for 1 turns
 34735 | Elf:1    | Paralysed by an air elemental for 1 turns
 35319 | Elf:2    | Found a large runed translucent door.
 35319 | Elf:2    | Found a large runed translucent door.
 35344 | Elf:2    | Found a large runed translucent door.
 35344 | Elf:2    | Found a large runed translucent door.
 35829 | Shoals:4 | Entered Level 4 of the Shoals
 35848 | Shoals:4 | Found Utwor's Jewellery Shop.
 35861 | Shoals:4 | Reached XP level 19. HP: 82/111 MP: 24/27
 36157 | Shoals:4 | Identified the ring of Xom's Passing Interest {rCorr Str+4}
 36230 | Shoals:4 | Reached skill level 17 in Fighting
 36943 | Shoals:4 | Got a barnacled rune of Zot
 37181 | Snake:1  | Bought 3 scrolls of acquirement for 2028 gold pieces
 37183 | Snake:1  | Acquired the +4 pair of gloves "Vuom" {Dex+3}
 37198 | Snake:1  | Acquired 926 gold pieces
 37200 | Snake:1  | Acquired 781 gold pieces
 37254 | Snake:4  | Entered Level 4 of the Snake Pit
 37485 | Snake:4  | Noticed Aizul
 37537 | Snake:4  | Reached skill level 15 in Shields
 37666 | Snake:4  | Found a frozen archway.
 37677 | IceCv    | Entered an ice cave
 37692 | IceCv    | Tricky101: sketch place
 37692 | IceCv    | shadowrider38: real
 37692 | IceCv    | Tricky101: hate it
 37870 | IceCv    | Tricky101: zzzzz
 38091 | IceCv    | Tricky101: he said night night
 38359 | IceCv    | shadowrider38: eepy
 38586 | IceCv    | Noticed a golden dragon
 38706 | IceCv    | Killed a golden dragon
 38783 | IceCv    | Reached skill level 15 in Armour
 38842 | IceCv    | Identified the ring of Vuqilo {Fly rElec rF+}
 38851 | IceCv    | Identified the ring "Veymorgh" {MP+9 Dex+8}
 38853 | IceCv    | shadowrider38: jeez
 38853 | IceCv    | shadowrider38: rings this game have been crazy
 39072 | Snake:4  | Killed Aizul
 39073 | Snake:4  | Reached skill level 18 in Fighting
 39154 | Snake:4  | Reached XP level 20. HP: 105/119 MP: 28/28
 39317 | Snake:4  | Acquired 1015 gold pieces
 39373 | Snake:4  | Identified the ring of Zin's Benevolence {rC+ rCorr Str+3
                  | Dex+3}
 39442 | Snake:4  | Found a basalt altar of Yredelemnul.
 39451 | Snake:4  | Found Qiha's Book Boutique.
 39740 | Snake:4  | Got a serpentine rune of Zot
 40218 | Elf:3    | Entered Level 3 of the Elven Halls
 40353 | Elf:3    | Biggs: i got 5 on it
 40494 | Elf:3    | Noticed Asterion
 40502 | Elf:3    | Killed Asterion
 41282 | Elf:3    | Biggs: lap my nicca laps round da fouty
 41331 | Elf:3    | Reached skill level 9 in Evocations
 41366 | Elf:3    | Biggs: mr biggs bout to take that shit to trial
 41366 | Elf:3    | shadowrider38: what is you saying brotha
 41735 | Elf:3    | Biggs:
                  | https://www.youtube.com/watch?v=sIRmMGrWvqM&ab_channel=Dust
                  | yTapes
 42170 | Elf:3    | Found the ring of the Octopus King
 42178 | Elf:3    | Identified a ring of the Octopus King {rF+ HP+2 AC+2 EV+2
                  | SH+2}
 42179 | Elf:3    | Biggs: mr biggs take that shit to trail.mp3
 42334 | Elf:3    | Got the Atlas of the Flock and the Caves
 42348 | Elf:3    | Identified the staff of death "Vimiop" {rElec rF+ rN+
                  | Stlth+}
 42395 | Elf:3    | shadowrider38: lol
 42395 | Elf:3    | Biggs: what you think
 42399 | Elf:3    | Biggs: some raw shit right
 42401 | Elf:3    | shadowrider38: ya
 42676 | Vaults:1 | Entered Level 1 of the Vaults
 43086 | Vaults:1 | Reached XP level 21. HP: 62/124 MP: 34/34
 43305 | Vaults:1 | Reached skill level 19 in Fighting
 43793 | Vaults:1 | Found Uresoecuv's Armour Boutique.
 44068 | Vaults:1 | Biggs: regulators
 44071 | Abyss:3  | Cast into level 3 of the Abyss (tengu reaver)
 44079 | Abyss:3  | Found a corrupted altar of Lugonu.
 44098 | Abyss:3  | Found a corrupted altar of Lugonu.
 44099 | Abyss:3  | Found a corrupted altar of Lugonu.
 44099 | Abyss:3  | Found a corrupted altar of Lugonu.
 44102 | Abyss:3  | Found a corrupted altar of Lugonu.
 44314 | Abyss:4  | Reached skill level 9 in Dodging
 44454 | Abyss:4  | Got an abyssal rune of Zot
 44503 | Vaults:1 | Escaped the Abyss
 44915 | Vaults:1 | Noticed Zenata
 45192 | Vaults:1 | Killed Zenata
 45346 | Vaults:2 | Reached skill level 20 in Fighting
 45456 | Vaults:2 | Found Tethior's Antique Armour Shoppe.
 45632 | Vaults:2 | Noticed Frederick
 45643 | Vaults:2 | Killed Frederick
 45644 | Vaults:2 | Reached XP level 22. HP: 127/133 MP: 35/35
 45690 | Vaults:2 | Paralysed by a formless jellyfish for 1 turns
 46144 | Vaults:2 | Found a staircase to the Crypt.
 46319 | Vaults:2 | Found Kobuaga's Book Shoppe.
 46351 | Vaults:2 | Found Umaimir's Antique Weapon Shop.
 47005 | Vaults:3 | Identified the +8 chain mail "Odumui" {+Blink Int+3 Slay+2}
 47091 | Vaults:3 | Reached skill level 9 in Spellcasting
 47347 | Vaults:3 | Found a runed translucent gate.
 47347 | Vaults:3 | Found a runed translucent gate.
 47347 | Vaults:3 | Found a runed translucent gate.
 47347 | Vaults:3 | Found an ancient bone altar of Kikubaaqudgha.
 47347 | Vaults:3 | Noticed Reyb's ghost (veteran DsGl)
 47347 | Vaults:3 | Noticed Reyb's ghost (veteran DsGl)
 47347 | Vaults:3 | Noticed a dread lich
 47348 | Vaults:3 | Noticed greasedhog's ghost (adept MfFi)
 47850 | Vaults:3 | Got the Octavo of Terra Firma and Vapour
 48636 | Vaults:4 | Noticed Boris
 48657 | Vaults:4 | Killed Boris
 48658 | Vaults:4 | Reached XP level 23. HP: 130/138 MP: 37/37
 49176 | Vaults:4 | Identified the +0 chain mail of Imnil {rN+ Int+3}
 49205 | Vaults:4 | Acquired 653 gold pieces
 49486 | Vaults:4 | Noticed Mennas
 49615 | Vaults:4 | Killed Mennas
 49941 | Depths:1 | Entered Level 1 of the Depths
 50100 | Depths:1 | Identified the +3 robe of Negligence {rElec rF++ rCorr
                  | Slay-5}
 50231 | Depths:1 | Found an ancient bone altar of Kikubaaqudgha.
 50570 | Depths:1 | Found a gateway to Hell.
 50599 | Depths:1 | Identified the +9 rapier "Niret" {freeze, Dex+5 Stlth+}
 51060 | Depths:2 | Found a one-way gateway to a ziggurat.
 51605 | Depths:2 | Biggs: sometimes you just have to stop pretending that the
                  | bbc in your butt is just a shadow, slice that fkr off and
                  | shove it up his butt and superglue it shut
 51609 | Depths:2 | Reached skill level 21 in Fighting
 52017 | Depths:2 | Noticed a golden dragon
 52018 | Depths:2 | Noticed a juggernaut
 52045 | Depths:2 | Biggs: sjadpwroder38 knows what i'm sayin
 52051 | Depths:2 | Killed a golden dragon
 52053 | Depths:2 | Noticed a caustic shrike
 52054 | Depths:2 | Killed a juggernaut
 52055 | Depths:2 | Reached XP level 24. HP: 93/143 MP: 25/38
 52061 | Depths:2 | Noticed a caustic shrike
 52063 | Depths:2 | Killed a caustic shrike
 52066 | Depths:2 | Noticed a caustic shrike
 52098 | Depths:2 | Biggs: shadowrider38*
 52098 | Depths:2 | shadowrider38: get help friend
 52184 | Depths:2 | Killed a caustic shrike
 52281 | Depths:2 | Killed a caustic shrike
 52360 | Depths:2 | Found the +9 scales of the Dragon King {rPois rF+ rC+
                  | Will+}
 52402 | Depths:2 | Biggs: if i needed it, i would
 52404 | Depths:2 | Got the Catalogue of Therianthropy
 52410 | Depths:2 | Biggs: we're talking about shadow cocks though
 52413 | Depths:2 | Biggs: i mean
 52414 | Depths:2 | Biggs: you're the shadow rider
 52476 | Depths:2 | Identified the +2 cloak of Zin's Supremacy {Dex+4}
 52572 | Depths:2 | Biggs: you have more experience than anyone
 52803 | Depths:2 | Found a burning altar of Makhleb.
 52887 | Depths:2 | Biggs: so, what was it like your first time?
 52888 | Depths:2 | shadowrider38: lol
 53006 | Depths:2 | Found a one-way gate leading to the halls of Pandemonium.
 53456 | Depths:3 | Biggs: was it kind of like riding a bike?
 53610 | Depths:3 | Found a one-way gate to the infinite horrors of the Abyss.
 53747 | Depths:3 | Biggs: wobbly and falling over until you got the hang of it
 53835 | Depths:3 | shadowrider38: i seem to have forgotten what it was like
 54112 | Depths:3 | Noticed a juggernaut
 54130 | Depths:3 | Killed a juggernaut
 54280 | Depths:4 | Entered Level 4 of the Depths
 54458 | Depths:4 | Biggs: was shadowrider38 your everquest or WoW account?
 54563 | Depths:4 | Valamore: hi
 54575 | Depths:4 | Valamore: mr pro man
 54578 | Depths:4 | shadowrider38: hello
 54578 | Depths:4 | shadowrider38: biggs i cant say i ever played either
 54642 | Depths:4 | Found Cifiros's Magic Scroll Emporium.
 54650 | Depths:4 | Bought a scroll of summoning for 104 gold pieces
 54650 | Depths:4 | Bought a scroll of fear for 44 gold pieces
 54650 | Depths:4 | Bought a scroll of enchant armour for 82 gold pieces
 54679 | Depths:4 | Biggs: Valamore here to spread his wisdom
 54746 | Depths:4 | Biggs: shadowrider38 is doing pretty good
 54749 | Depths:4 | Reached XP level 25. HP: 150/150 MP: 38/38
 54861 | Depths:4 | Biggs: he may need your help
 54882 | Depths:4 | Found a gate to the Realm of Zot.
 54965 | Depths:4 | Valamore: dont die
 55047 | Depths:4 | Biggs: Valamore, what wisdom do you bring besides "don't
                  | die"
 55105 | Depths:4 | shadowrider38: excellent advice
 55164 | Depths:4 | Found Nafudup's General Store.
 55172 | Depths:4 | shadowrider38: this has inspired me beyond anything i have
                  | known before
 55172 | Depths:4 | Bought a scroll of blinking for 127 gold pieces
 55172 | Depths:4 | Found Xowniv Jach's General Store.
 55194 | Depths:4 | Biggs: lmao
 55337 | Depths:4 | Valamore: idk this guy is better than me
 55337 | Depths:4 | Valamore: hi finished 27 ziggs
 55382 | Zot:1    | Entered Level 1 of the Realm of Zot
 55383 | D:7      | Biggs: oh though great Valamore with the golden key advice
                  | "don't die"
 55629 | D:7      | Bought a scroll of magic mapping for 82 gold pieces
 55629 | D:7      | Bought a scroll of magic mapping for 82 gold pieces
 55875 | Zot:1    | Valamore: he finished*
 55951 | Zot:1    | shadowrider38: ah god
 55951 | Zot:1    | shadowrider38: why are there so many ambushes in zot
 55951 | Zot:1    | Biggs: Oh Valamore almighty
 55953 | Zot:1    | Valamore: immo
 56079 | Zot:1    | Reached skill level 22 in Fighting
 56115 | Zot:1    | shadowrider38: immo is how stupids like me lose the game
 56205 | Zot:1    | Valamore: lol
 56262 | Zot:1    | Identified the ring "Ehoxemm" {Ice rCorr Slay+3 SInv}
 56262 | Zot:1    | Noticed Josephina
 56271 | Zot:1    | Valamore: i used to know the beem command for stupid one
                  | shot deaths
 56284 | Zot:1    | Valamore: mine is an immo play
 56293 | Zot:1    | Killed Josephina
 56499 | Zot:1    | shadowrider38: well remember it
 56521 | Zot:1    | Biggs: i got 5 on it
 56732 | Zot:5    | Entered Level 5 of the Realm of Zot
 56748 | Zot:5    | Valamore: are u a speedrunner sir
 56765 | Zot:5    | shadowrider38: me?
 57175 | Zot:5    | Biggs: have some interesting beem commands here
 57175 | Zot:5    | Valamore: oh nice ur fastest win was 35 minutes
 57250 | Zot:5    | Biggs: you mother fuckers may or may not have seen
 57254 | Zot:5    | Valamore: in tourney atleast
 57256 | Zot:5    | shadowrider38: i wouldnt call myself a speedrunner of this
                  | game yet but i play fast
 57256 | Zot:5    | shadowrider38: im a former nethack speedrunner tho
 57256 | Zot:5    | Biggs: Let's see who our friend Valamore died the most to
                  | here
 57308 | Zot:5    | Biggs: My guess is Grinder
 57331 | Zot:5    | Biggs: What do you think shadow?
 57338 | Zot:5    | Valamore: i think its a low xl unique
 57338 | Zot:5    | shadowrider38: er
 57338 | Zot:5    | Valamore: i'd say
 57338 | Zot:5    | shadowrider38: sigmund
 57338 | Zot:5    | Valamore: sigmund
 57338 | Zot:5    | shadowrider38: hah
 57340 | Zot:5    | Biggs: Out of all of the uniques, who do you think that
                  | Valamore died the most to
 57340 | Zot:5    | Valamore: or crazy yiuf
 57455 | Zot:5    | Biggs: Alright
 57669 | Zot:5    | Biggs: Let's see
 58043 | Zot:4    | Biggs: !lg Valamore killer=uniq s=-killer
 58045 | Zot:5    | beem: 216 games for Valamore (killer=uniq): Kirke, Mennas,
                  | Mara, Erolcha, Agnes, Rupert, Roxanne, Prince Ribbit the
                  | rime drake, Nikola, Jory, Lodul, Bai Suzhen, Vashnia,
                  | Cerebov, Urug, Tiamat, Sonja, Edmund the steam dragon,
                  | Erica, 2x Arachne, 2x Aizul, 2x Azrael, 2x Frances, 2x
                  | Snorg, 2x Donald, 3x Fannar, 3x Nessos, 4x Gastronok, 4x
                  | Dowan, 4x Eustachio, 4x Robin, 5x Harold, 5x Prince Ribbit,
                  | 5x Jessi...
 58359 | Zot:5    | Noticed an ancient lich
 58368 | Zot:5    | Killed an ancient lich
 58444 | Zot:5    | Biggs: Alright, I don't know how to turn it from upside
                  | down
 58494 | Zot:5    | Biggs: It's showing from least to most...
 58494 | Zot:5    | Valamore: rip
 58498 | Zot:5    | shadowrider38: lol
 58500 | Zot:5    | Biggs: !lg shadowrider38 killer=uniq s=-killer
 58500 | Zot:5    | beem: 175 games for shadowrider38 (killer=uniq): Bogdan the
                  | orc knight, Mennas, Maggie the naga, Urug, Saint Roka,
                  | Robin, Erolcha, Prince Ribbit, Polyphemus, Grum, Amaemon,
                  | Bai Suzhen, Dowan, 2x Maurice, 2x Eustachio, 2x Donald, 2x
                  | Frances, 2x Nikola, 2x Ilsuiw, 2x Jessica, 2x Nessos, 3x
                  | Pargi, 3x Blork the orc, 3x Crazy Yiuf, 3x Joseph, 3x
                  | Menkaure, 4x Jorgrun, 4x Gastronok, 5x Harold, 5x Pikel, 5x
                  | Ru...
 58500 | Zot:5    | shadowrider38: should i ninja this
 58500 | Zot:5    | Valamore: my real flex is that i died to prince ribbit the
                  | rime drake
 58535 | Zot:5    | Valamore: ninja
 58536 | Zot:5    | Valamore: gogo
 58537 | Zot:5    | Valamore: sick
 58538 | Zot:5    | Noticed an ancient lich
 58539 | Zot:5    | Noticed an ancient lich
 58541 | Zot:5    | Noticed an orb of fire
 58542 | Zot:5    | Noticed a Killer Klown
 58542 | Zot:5    | Noticed a dread lich
 58543 | Zot:5    | Noticed a dread lich
 58553 | Zot:5    | Noticed an orb of fire
 58554 | Zot:5    | Got the Orb of Zot
 58559 | Zot:5    | Biggs: !lg Valamore s=ckiller
 58566 | Zot:5    | beem: 1415 games for Valamore: 80x winning, 71x a gnoll,
                  | 61x quitting, 49x an orc priest, 37x an ogre, 29x an adder,
                  | 28x a wight, 28x an orc, 26x an orc wizard, 26x an orc
                  | warrior, 25x a kobold, 25x a hobgoblin, 25x Sigmund, 25x a
                  | jackal, 20x a hydra, 20x Ijyb, 19x a goblin, 19x Grinder,
                  | 19x a two-headed ogre, 17x an endoplasm, 16x a centaur, 16x
                  | a black bear, 15x an iguana, 13x a killer bee, 12x a wat...
 58656 | Zot:1    | Valamore: quitting is top 3
 58697 | Zot:1    | Valamore: LOL
 58803 | D:15     | shadowrider38: lol nice
 58815 | D:15     | Biggs: demonspawn scum
 58884 | D:10     | Valamore: nah
 58906 | D:10     | Valamore: it was when i was getting
 58907 | D:10     | Valamore: !tiamat
 58912 | D:10     | beem: Valamore is a tiamat player
 59087 | D:1      | Biggs: !lg shadowrider38 killer=uniq s=-killer
 59107 | D:1      | beem: 175 games for shadowrider38 (killer=uniq): Bogdan the
                  | orc knight, Mennas, Maggie the naga, Urug, Saint Roka,
                  | Robin, Erolcha, Prince Ribbit, Polyphemus, Grum, Amaemon,
                  | Bai Suzhen, Dowan, 2x Maurice, 2x Eustachio, 2x Donald, 2x
                  | Frances, 2x Nikola, 2x Ilsuiw, 2x Jessica, 2x Nessos, 3x
                  | Pargi, 3x Blork the orc, 3x Crazy Yiuf, 3x Joseph, 3x
                  | Menkaure, 4x Jorgrun, 4x Gastronok, 5x Harold, 5x Pikel, 5x
                  | Ru...
 59116 | D:$      | Escaped with the Orb!

Illustrated notes

Levels and vault maps discovered:
D:1:      dpeg_arrival_round_a, layout_basic, ebering_ecumenical_altar_hall,
          chequers_mini_garden
D:2:      layout_rooms, serial_shops, shop
D:3:      layout_rooms
D:4:      cheibrodos_pilgrimage, layout_basic,
          grunt_temple_overflow_lords_of_destruction,
          hangedman_abyss_or_decor_stabs
D:5:      layout_loops_ring, uniq_blork_the_orc, uniq_grinder, uniq_eustachio
D:6:      layout_rooms, eat_drink_and_be_merry_uskayaw, slow_altar_2,
          minmay_temple_entry_wispy, kennysheep_generic_room_9
D:7:      layout_basic, serial_shops, nicolae_shop_behind_doors, shop,
          kennysheep_mini_moat, shop, nicolae_shop_hallway_plus,
          kennysheep_generic_room_5, uniq_pikel
D:8:      layout_basic, overflow_temple_1_default,
          nicolae_overflow_crystal_walls, erik_lair_orcish_takeover
D:9:      layout_grid_maze, serial_shops, nicolae_shop_tiny_statue_garden
D:10:     layout_irregular_city, gammafunk_ghost_berserking_beasts,
          small_statue_intersection
D:11:     layout_loops_corners, nicolae_nh_vlads_tower, uniq_grum
D:12:     layout_gridville, orc_0_dummy, serial_glass, glass_columns_a,
          glass_columns_a, glass_columns_c, glass_columns_a, feat_on_display,
          item_on_display_a, due_unseen_surprise, uniq_erolcha
D:13:     layout_layer_cave, nicolae_shop_sticking_my_neck_out, uniq_urug
D:14:     layout_gridville, david_vaults_4, kennysheep_another_room,
          serial_shops, nicolae_shop_tiny_glass, nicolae_diamond_shop, shop,
          shop_fountains
D:15:     grunt_enter_depths_hoard, layout_long_grid, serial_shops, shop,
          hangedman_decor_growths, uniq_jorgrun
Temple:   regret_index_temple_sphere_string
Lair:1:   layout_regular_city, gauntlet_entry_generic,
          infiniplex_staircase_pool_2
Lair:2:   wad_woods_minihive, layout_chaotic_city, dummy_snake_entry,
          serial_forest, infiniplex_forest_lined_3,
          infiniplex_forest_lined_room_2, infiniplex_forest_lined_1,
          infiniplex_forest_lined_room_, infiniplex_forest_end_2,
          infiniplex_forest_clump_diagonal, grunt_forest_stairs_clearing
Lair:3:   layout_chaotic_city, nicolae_shoals_entry_flooding,
          gammafunk_ghost_ooze
Lair:4:   layout_loops_ring, minmay_slime_entry_pillars, serial_bayou_shore_b
Lair:5:   due_jungle_book, layout_cave_pods, lemuel_oklob_altar, uniq_snorg
Shoals:1: layout_shoals, serial_shops, shop_statue, shop,
          nicolae_shop_gaudy_bauble, uniq_frances, uniq_roxanne
Shoals:2: layout_shoals
Shoals:3: layout_shoals, serial_shops, shop, shop, nicolae_shoals_isolated_beach
Shoals:4: shoals_end_simple, layout_shoals, serial_shops, shop,
          nicolae_shoals_wave_tunnel
Snake:1:  layout_grid_shapes, basic_altar, serial_shops,
          nicolae_shop_tiny_statue_garden, nicolae_shop_trees,
          nicolae_snake_dead_anacondas
Snake:2:  layout_onion, basic_altar, nicolae_specific_store, grunt_megastairs_4,
          uniq_vashnia
Snake:3:  layout_layer_cave, evilmike_ambush [evilmike_ambush_outer_doors,
          evilmike_ambush_inner_basic], serial_bayou_shore_b
Snake:4:  snake_pit, layout_basic, basic_altar, serial_shops,
          nicolae_shop_peninsula, portal_ice_cave_entry_ice_statue_one,
          drop_trap, uniq_aizul
Orc:1:    layout_diamond_mine, nicolae_shop_overcharged_wands
Orc:2:    st_orc_congregation, layout_diamond_mine,
          nicolae_volcano_entry_s_turn, basic_altar, serial_shops,
          nicolae_shop_just_a_little_nook
Elf:1:    layout_rooms, evilmike_minifort
Elf:2:    elven_hall_of_blades_hangedman_alternative
          [nicolae_blade_entry_splitting_headache], layout_rooms
Elf:3:    minmay_elf_hall, layout_loops_corners, columned_hall_lemuel,
          uniq_asterion
Vaults:1: dpeg_vaults_pockets_of_resistance, nicolae_vaults_network_star,
          v_misc_32, nicolae_vaults_taking_the_gang_shopping, v_rooms_1,
          nicolae_vaults_little_squares_4, v_misc_17,
          nicolae_vaults_tetromino_T_1, layout_vaults_omnigrid, uniq_zenata
Vaults:2: vaults_room_grunt_arrival_ludios, vaults_room_guarded_vault,
          vaults_mumra_lcd, nicolae_vaults_border_crossing, v_pattern_5,
          nicolae_vaults_little_ls, v_misc_3, nicolae_vaults_weapon_check,
          vaults_dpeg_encased_lava, vaults_room_large_hall,
          nicolae_vaults_two_Ls, vaults_room_ringed_pool,
          layout_vaults_omnicross, serial_shops, nicolae_shop_crystal,
          nicolae_shop_mannequins, nicolae_shop_tiny_glass, uniq_frederick
Vaults:3: gammafunk_ghost_crypt, nicolae_vaults_network_quinsquares
          [nicolae_vaults_network_quincunx_subvault,
          nicolae_vaults_network_quincunx_subvault,
          nicolae_vaults_network_quincunx_subvault,
          nicolae_vaults_network_quincunx_subvault],
          hangedman_vaults_river_flow, nicolae_vaults_twisting_passages,
          vaults_room_large_hall, ontoclasm_vaults_eye, nicolae_vaults_big_ls,
          v_misc_30, nicolae_vaults_tetromino_T_1, layout_vaults_ring
Vaults:4: nicolae_vaults_meiosis, nicolae_vaults_big_angled_halls, v_rooms_4,
          nicolae_vaults_windows_and_doors_thing, nicolae_vaults_two_Ls,
          nicolae_vaults_three_branches, v_misc_16,
          nicolae_vaults_storage_closets_1, v_rooms_5,
          nicolae_vaults_big_angled_halls, v_misc_22, nicolae_vaults_diamond_1,
          nicolae_vaults_rhombus_6, layout_vaults_maze_bifur, uniq_boris,
          uniq_mennas
Depths:1: layout_gridlike, lightli_too_deep, kiku_gazebo_garden_becter,
          minmay_mirror_moons_of_madness, serial_bayou_shore_b
Depths:2: grunt_bent_corner, layout_gridlike, enter_ziggurat_d,
          rand_demon_pan_entry_9, hell_entry, hangedman_decor_points,
          grunt_guarded_unrand_obsidian_axe
Depths:3: kennysheep_windowed_halls, layout_cave_pools,
          pf_vacation_house_of_asmodeus, rand_demon_pan_entry_5,
          abyss_entry_crystal
Depths:4: grunt_zot_entry_funnels, layout_twisted_cross, serial_shops,
          nicolae_shop_crystal, shop, shop, hellmouth_3, serial_bayou_shore_a
Zot:1:    layout_onion_interference, grunt_megastairs_1, uniq_josephina
Zot:2:    layout_onion_interference, uniq_parghit
Zot:3:    layout_gridville
Zot:4:    layout_concentric_octagons
Zot:5:    layout_cathedral_of_symmetry

Skill      XL: |  1  2  3  4  5  6  7  8  9 10 11 12 13 14 15 16 17 18 19 20 21 22 23 24 25 |
---------------+----------------------------------------------------------------------------+-----
Short Blades   | 1 2 3 4 5 6 8 9 10 11 12 13 | 13.9
Fighting       | 1 2 3 5 6 8 9 11 12 13 15 16 18 20 21 22 | 22.3
Armour         | 2 3 5 6 8 9 10 11 12 13 15 16 18 20 | 20.3
Shields        | 1 4 6 10 11 12 13 14 15 16 | 16.8
Dodging        | 3 5 7 10 11 12 | 12.0
Spellcasting   | 3 5 8 9 10 11 | 11.1
Evocations     | 2 5 8 9 10 11 12 | 12.0
Long Blades    | |  1.7
Throwing       | |  1.7
Summonings     | |  2.0

Action                     |  1- 3 |  4- 6 |  7- 9 | 10-12 | 13-15 | 16-18 | 19-21 | 22-24 | 25-27 || total
---------------------------+-------+-------+-------+-------+-------+-------+-------+-------+-------++-------
  Melee: Dagger            |    57 |   102 |   512 |   118 |       |       |       |       |       ||   789
         Short sword       |    40 |       |       |       |       |       |       |       |       ||    40
         Bite              |    28 |    34 |   175 |   354 |   676 |   586 |   780 |  1072 |   359 ||  4064
         Punch             |     1 |       |    11 |       |       |       |       |       |       ||    12
         Rapier            |       |       |       |   756 |  1328 |  1177 |  1374 |  1643 |   537 ||  6815
  Throw: Boomerang         |       |     3 |     9 |     4 |     2 |       |     1 |       |       ||    19
         Dart              |       |       |     3 |     3 |     5 |       |       |     4 |       ||    15
 Invoke: Potion Petition   |       |       |       |     3 |     4 |     4 |     6 |     3 |     1 ||    21
         Bribe Branch      |       |       |       |       |       |       |       |       |     2 ||     2
  Evoke: Wand              |       |       |       |     1 |     2 |     3 |    14 |     5 |     8 ||    33
         Phantom mirror    |       |       |       |       |     1 |     1 |     2 |     1 |     1 ||     6
         Box of beasts     |       |       |       |       |       |     1 |     1 |     1 |     1 ||     4
         Condenser vane    |       |       |       |       |       |       |     2 |       |       ||     2
    Use: Scroll            |     8 |     2 |     8 |    11 |     9 |     7 |    13 |     5 |    14 ||    77
         Potion            |       |       |     1 |     1 |       |     1 |     3 |       |     1 ||     7
   Stab: Distracted        |       |       |     1 |    11 |    37 |    34 |    57 |    83 |    23 ||   246
         Invisible         |       |       |       |       |     1 |       |     4 |    10 |     1 ||    16
         Petrified         |       |       |       |       |     4 |       |       |       |       ||     4
         Paralysed         |       |       |       |       |       |       |     4 |       |       ||     4
 Armour: Ring mail         |    25 |       |       |       |       |       |       |       |       ||    25
         Robe              |     1 |       |       |       |       |       |       |       |       ||     1
         Plate armour      |     2 |    72 |   239 |   282 |   428 |   509 |   629 |    50 |       ||  2211
         Chain mail        |       |       |       |       |       |       |       |   372 |       ||   372
         Gold dragon scale |       |       |       |       |       |       |       |   248 |   227 ||   475
  Dodge: Dodged            |    37 |     8 |   129 |   368 |   461 |   217 |   258 |   420 |    66 ||  1964
  Block: Buckler           |       |       |     1 |   200 |    65 |       |       |       |       ||   266
         Kite shield       |       |       |       |       |   541 |   718 |   959 |  1064 |   299 ||  3581
         Reflection        |       |       |       |       |       |    19 |       |       |       ||    19

Table legend: (Time is in decaauts)
 A = Elapsed time spent in this place.
 B = Non-inter-level travel time spent in this place.
 C = Inter-level travel time spent in this place.
 D = Time resting spent in this place.
 E = Time spent auto-exploring this place.
 F = Levels seen in this place.
 G = Mean time per level.
                   A        B        C        D        E       F      G
               +--------+--------+--------+--------+--------+-----+--------+
         Total |  56203 |  49858 |   6345 |   7172 |  28675 |  52 | 1080.8 |
       Dungeon |  17281 |  14067 |   3214 |   1943 |   8746 |  15 | 1152.1 |
        Temple |     22 |     13 |      9 |      0 |      5 |   1 |   22.0 |
          Lair |   6813 |   6124 |    689 |    396 |   4061 |   5 | 1362.6 |
        Shoals |   4084 |   3778 |    306 |    203 |   2619 |   4 | 1021.0 |
     Snake Pit |   5275 |   4602 |    673 |    768 |   2567 |   4 | 1318.8 |
  Orcish Mines |   2454 |   2007 |    447 |    162 |   1125 |   2 | 1227.0 |
   Elven Halls |   3815 |   3648 |    167 |    927 |   1823 |   3 | 1271.7 |
        Vaults |   6076 |   5713 |    363 |    364 |   3767 |   4 | 1519.0 |
        Depths |   5248 |   4920 |    328 |    494 |   2801 |   4 | 1312.0 |
           Zot |   2611 |   2466 |    145 |   1184 |    424 |   5 |  522.2 |
         Abyss |    366 |    366 |      0 |     27 |      0 |   2 |  183.0 |
      Ice Cave |   1280 |   1280 |      0 |    611 |    345 |   1 | 1280.0 |
       Volcano |    417 |    417 |      0 |     34 |    223 |   1 |  417.0 |
      Gauntlet |    455 |    455 |      0 |     55 |    168 |   1 |  455.0 |
               +--------+--------+--------+--------+--------+-----+--------+

Top non-repeatable levels by time:
   Elf:3: 2209 daAuts
  Lair:5: 2011 daAuts
Depths:2: 1873 daAuts
Vaults:1: 1871 daAuts
    D:11: 1754 daAuts
   Zot:5: 1674 daAuts
     D:4: 1627 daAuts
Vaults:3: 1589 daAuts
     D:7: 1548 daAuts
 Snake:2: 1504 daAuts
 Snake:3: 1485 daAuts
   Orc:2: 1444 daAuts
     D:1: 1382 daAuts
  Lair:3: 1379 daAuts
Vaults:2: 1345 daAuts
